[Event "29th Czech Open-Rapid 2018"]
[Site "Pardubice"]
[Date "2018.07.18"]
[Round "2"]
[White "Biolek-Jun., Richard"]
[Black "Joukl, Zdenek"]
[Result "1-0"]
[ECO "B07"]
[WhiteElo "2364"]
[BlackElo "2029"]
[Annotator "NA RC"]
[PlyCount "107"]
[EventDate "2018.07.18"]
[EventType "swiss"]
[EventCountry "CZE"]
[SourceTitle "playchess.com"]
[Source "ChessBase"]
[SourceQuality "1"]
[TimeControl "900+10"]

1. e4 d6 2. d4 Nf6 3. Nc3 Nbd7 4. Nf3 e5 5. Bc4 Be7 6. O-O O-O 7. Re1 c6 8. a4 a5 9. Bb3 Qc7 10. h3 b6 11. Be3 Bb7 12. Qd2 Rad8 13. Rad1 exd4 14. Bxd4 Nc5 15. Bxc5 bxc5 16. Qf4 Nd7 17. Ne2 Ne5 18. Nxe5 dxe5 19. Qf3 Bc8 20. Ng3 Bf6 21. Nf5 Bxf5 22. Qxf5 Rxd1 23. Rxd1 Rd8 24. Qh5 g6 25. Qe2 Rxd1+ 26. Qxd1 Qd8 27. Qe2 Kg7 28. g3 Bg5 29. Qc4 Qe7 30. Qc3 Bc1 31. Qxa5 Bxb2 32. Qd2 c4 33. Bxc4 Qc5 34. Bb3 Qc3 35. Qd1 h5 36. Kg2 Qb4 37. Qf3 f6 38. g4 hxg4 39. hxg4 Bc1 40. Qd3 Kh6 41. Kf3 Qe1 42. Kg2 Kg5 43. Be6 Bf4 44. Bd7 c5 45. c3 Qa1 46. Be8 Qb2 47. a5 Qb8 48. Qb5 Qa8 49. Kf3 f5 50. gxf5 gxf5 51. Qc6 fxe4+ 52. Kxe4 Qxa5 53. Qg6+ Kh4 54. Qh5# 1-0

[Event "29th Czech Open-Rapid 2018"]
[Site "Pardubice"]
[Date "2018.07.18"]
[Round "2"]
[White "Zpevak, Pavel"]
[Black "Gabr, Mohsen"]
[Result "1-0"]
[ECO "E61"]
[WhiteElo "2330"]
[BlackElo "2287"]
[Annotator "NA"]
[PlyCount "68"]
[EventDate "2018.07.18"]
[EventType "swiss"]
[EventCountry "CZE"]
[SourceTitle "playchess.com"]
[Source "ChessBase"]
[SourceQuality "1"]
[TimeControl "900+10"]

1. d4 Nf6 2. c4 g6 3. Nc3 Bg7 4. Bg5 h6 5. Bh4 d6 6. e3 O-O 7. Nf3 c5 8. Be2 Bg4 9. d5 Na6 10. h3 Bxf3 11. Bxf3 Rb8 12. O-O Nc7 13. Be2 a6 14. a4 b6 15. f4 Qd7 16. e4 Nh7 17. Qd2 Kh8 18. Bd3 Rg8 19. e5 Rbf8 20. Rae1 g5 21. Qc2 f5 22. exf6 Nxf6 23. fxg5 hxg5 24. Bxg5 b5 25. Bf5 Qe8 26. Bg6 Qd7 27. Qf2 Nh7 28. Qh4 Bd4+ 29. Kh2 Rxg6 30. Rxf8+ Kg7 31. Rxe7+ Qxe7 32. Bxe7 Nxf8 33. Bxd6 Bf6 34. Qe4 b4 1-0

[Event "29th Czech Open-Rapid 2018"]
[Site "Pardubice"]
[Date "2018.07.18"]
[Round "2"]
[White "Bogdanov, Egor"]
[Black "Kolasa, Pjotrs"]
[Result "1-0"]
[ECO "C44"]
[WhiteElo "2328"]
[BlackElo "2021"]
[Annotator "NA"]
[PlyCount "57"]
[EventDate "2018.07.18"]
[EventType "swiss"]
[EventCountry "CZE"]
[SourceTitle "playchess.com"]
[Source "ChessBase"]
[SourceQuality "1"]
[TimeControl "900+10"]

1. e4 e5 2. d4 exd4 3. Nf3 Nc6 4. c3 d5 5. Bd3 Bg4 6. O-O Nf6 7. e5 Ne4 8. cxd4 Be7 9. Nc3 O-O 10. Nxe4 dxe4 11. Bxe4 Bxf3 12. Bxf3 Nxd4 13. Bxb7 Rb8 14. Be4 c5 15. b3 Qc7 16. Bf4 Rfd8 17. Qg4 Ne6 18. Rad1 Rd4 19. Rxd4 cxd4 20. Bd3 Bf8 21. Bc4 Re8 22. Bg3 Bc5 23. Kh1 Qc8 24. f4 Nf8 25. f5 Re7 26. Bh4 Rxe5 27. Bf6 Ng6 28. Bxf7+ Kf8 29. Bxg7+ 1-0

[Event "29th Czech Open-Rapid 2018"]
[Site "Pardubice"]
[Date "2018.07.18"]
[Round "2"]
[White "Sarkar, Justin"]
[Black "Gasanov, Eldar"]
[Result "0-1"]
[ECO "A81"]
[WhiteElo "2307"]
[BlackElo "2475"]
[Annotator "ChessBase"]
[PlyCount "48"]
[EventDate "2018.07.18"]
[EventType "swiss"]
[EventCountry "CZE"]
[SourceTitle "playchess.com"]
[Source "ChessBase"]
[SourceQuality "1"]
[TimeControl "900+10"]

1. d4 f5 2. g3 Nf6 3. Bg2 d6 4. c4 g6 5. Nc3 Bg7 6. Nh3 O-O 7. d5 Na6 8. Nf4 Nc5 9. h4 e5 10. dxe6 Nxe6 11. Nxe6 Bxe6 12. Bxb7 Bxc4 13. h5 Rb8 14. Bf3 d5 15. hxg6 hxg6 16. Bg5 Rxb2 17. Nxd5 Bxd5 18. Bxf6 Bxf6 19. Qxd5+ Qxd5 20. Bxd5+ Kg7 21. Rc1 Be5 22. Rh4 Rd8 23. Bc4 Rdd2 24. Rd1 Bc3 0-1

[Event "29th Czech Open-Rapid 2018"]
[Site "Pardubice"]
[Date "2018.07.18"]
[Round "2"]
[White "Claridge-Hansen, William"]
[Black "Sinauridze, Simons"]
[Result "1-0"]
[ECO "A10"]
[WhiteElo "2291"]
[BlackElo "2088"]
[Annotator "NA"]
[PlyCount "71"]
[EventDate "2018.07.18"]
[EventType "swiss"]
[EventCountry "CZE"]
[SourceTitle "playchess.com"]
[Source "ChessBase"]
[SourceQuality "1"]
[TimeControl "900+10"]

1. c4 g6 2. g3 Bg7 3. Bg2 d6 4. Nc3 Nf6 5. e4 O-O 6. Nge2 Nc6 7. O-O e5 8. d3 Bg4 9. f3 Be6 10. Nd5 Qd7 11. Be3 a5 12. d4 Bxd5 13. cxd5 Nxd4 14. Nxd4 exd4 15. Bxd4 Rfe8 16. Qd3 Re7 17. Rac1 Ne8 18. Rfe1 Qa4 19. Bxg7 Nxg7 20. Qc4 Qxc4 21. Rxc4 Rf8 22. f4 f6 23. Rc3 Kf7 24. Kf2 g5 25. Bf3 h5 26. h4 g4 27. Bd1 Ra8 28. Ba4 Ra6 29. Bb5 Rb6 30. a4 Ne8 31. f5 Kf8 32. Ke3 c6 33. dxc6 bxc6 34. Rxc6 Rxc6 35. Bxc6 Nc7 36. Rd1 1-0

[Event "29th Czech Open-Rapid 2018"]
[Site "Pardubice"]
[Date "2018.07.18"]
[Round "2"]
[White "Gomes, Mary Ann"]
[Black "Lalic, Bogdan"]
[Result "1/2-1/2"]
[ECO "B30"]
[WhiteElo "2284"]
[BlackElo "2394"]
[Annotator "NA"]
[PlyCount "64"]
[EventDate "2018.07.18"]
[EventType "swiss"]
[EventCountry "CZE"]
[SourceTitle "playchess.com"]
[Source "ChessBase"]
[SourceQuality "1"]
[TimeControl "900+10"]

1. Nf3 c5 2. e4 Nc6 3. Bb5 Nf6 4. Nc3 Qc7 5. O-O Nd4 6. Bc4 Ng4 7. g3 Nxf3+ 8. Qxf3 Ne5 9. Qe2 e6 10. f4 Nxc4 11. Qxc4 a6 12. a4 b6 13. d4 Bb7 14. d5 Be7 15. f5 exf5 16. Rxf5 d6 17. e5 O-O 18. exd6 Bxd6 19. Ne4 Be5 20. Bf4 Bxf4 21. Rxf4 Qe5 22. Rd1 Rad8 23. Nc3 f5 24. Rf2 Qd6 25. Re2 Bc8 26. Qf4 h6 27. h4 Qxf4 28. gxf4 Rd6 29. h5 Bd7 30. Rde1 b5 31. axb5 axb5 32. Re5 Rd8 1/2-1/2

[Event "29th Czech Open-Rapid 2018"]
[Site "Pardubice"]
[Date "2018.07.18"]
[Round "2"]
[White "Rosko, Lubos"]
[Black "Kusa, Jakub"]
[Result "0-1"]
[ECO "C82"]
[WhiteElo "2279"]
[BlackElo "2061"]
[Annotator "NA"]
[PlyCount "46"]
[EventDate "2018.07.18"]
[EventType "swiss"]
[EventCountry "CZE"]
[SourceTitle "playchess.com"]
[Source "ChessBase"]
[SourceQuality "1"]
[TimeControl "900+10"]

1. e4 e5 2. Nf3 Nc6 3. Bb5 a6 4. Ba4 Nf6 5. O-O Nxe4 6. d4 b5 7. Bb3 d5 8. dxe5 Be6 9. c3 Bc5 10. Nbd2 O-O 11. Bc2 Nxf2 12. Rxf2 f6 13. Nb3 Bxf2+ 14. Kxf2 fxe5 15. Kg1 Bg4 16. h3 Bxf3 17. gxf3 e4 18. fxe4 Qh4 19. Qxd5+ Kh8 20. Bf4 Rxf4 21. Qd2 Raf8 22. Nd4 Nxd4 23. cxd4 Rf2 0-1

[Event "29th Czech Open-Rapid 2018"]
[Site "Pardubice"]
[Date "2018.07.18"]
[Round "2"]
[White "Kutynec, Vladimir"]
[Black "Roskova, Katerina"]
[Result "1/2-1/2"]
[ECO "E95"]
[WhiteElo "2273"]
[BlackElo "1950"]
[Annotator "NA"]
[PlyCount "91"]
[EventDate "2018.07.18"]
[EventType "swiss"]
[EventCountry "CZE"]
[SourceTitle "playchess.com"]
[Source "ChessBase"]
[SourceQuality "1"]
[TimeControl "900+10"]

1. Nf3 Nf6 2. c4 g6 3. Nc3 Bg7 4. e4 d6 5. d4 O-O 6. Be2 Nbd7 7. O-O e5 8. Re1 c6 9. Bf1 Re8 10. d5 Qc7 11. h3 a5 12. Bg5 Nc5 13. Qd2 cxd5 14. Bxf6 Bxf6 15. Nxd5 Qd8 16. Nxf6+ Qxf6 17. Rad1 Bxh3 18. Qxd6 Qxd6 19. Rxd6 Bg4 20. Rd5 Bxf3 21. Rxc5 Bg4 22. f3 Bd7 23. Rd5 Bc6 24. Rd2 Kf8 25. Red1 Ke7 26. Kf2 Red8 27. Ke3 Rxd2 28. Rxd2 Rd8 29. c5 Rxd2 30. Kxd2 f5 31. exf5 gxf5 32. a3 Ke6 33. Kc3 h5 34. b4 axb4+ 35. axb4 h4 36. b5 Bd5 37. Bc4 e4 38. fxe4 fxe4 39. c6 bxc6 40. bxc6 Bxc4 41. Kxc4 Kd6 42. Kd4 Kxc6 43. Kxe4 Kd6 44. Kf5 h3 45. gxh3 Ke7 46. h4 1/2-1/2

[Event "29th Czech Open-Rapid 2018"]
[Site "Pardubice"]
[Date "2018.07.18"]
[Round "2"]
[White "Mirzoeva, Elmira"]
[Black "Zdrazil, Tomas"]
[Result "1-0"]
[ECO "A45"]
[WhiteElo "2249"]
[BlackElo "2065"]
[Annotator "NA"]
[PlyCount "70"]
[EventDate "2018.07.18"]
[EventType "swiss"]
[EventCountry "CZE"]
[SourceTitle "playchess.com"]
[Source "ChessBase"]
[SourceQuality "1"]
[TimeControl "900+10"]

1. d4 Nf6 2. Bf4 c5 3. e3 Qb6 4. Nc3 cxd4 5. exd4 d5 6. Nb5 Na6 7. a4 e6 8. Nf3 Be7 9. a5 Qd8 10. h3 O-O 11. Bd3 Bb4+ 12. Bd2 Be7 13. c3 Nc7 14. Na3 Nce8 15. O-O Nd6 16. Nc2 Bd7 17. Qe2 a6 18. b3 Rc8 19. c4 Nde4 20. Be1 Bd6 21. Ne5 Qc7 22. Nxd7 Qxd7 23. c5 Bb8 24. b4 Qc7 25. g3 h5 26. h4 e5 27. Rd1 Rfe8 28. Bxe4 Nxe4 29. Qxh5 exd4 30. Nxd4 Nxg3 31. fxg3 Rxe1 32. Rfxe1 Qxg3+ 33. Kf1 Qh3+ 34. Ke2 Bf4 35. Qf3 Bh6 1-0

[Event "29th Czech Open-Rapid 2018"]
[Site "Pardubice"]
[Date "2018.07.18"]
[Round "2"]
[White "Nikologorsky, Matfei"]
[Black "Balazec, Ludovit"]
[Result "1-0"]
[ECO "B92"]
[WhiteElo "2222"]
[BlackElo "1991"]
[Annotator "NA"]
[PlyCount "71"]
[EventDate "2018.07.18"]
[EventType "swiss"]
[EventCountry "CZE"]
[SourceTitle "playchess.com"]
[Source "ChessBase"]
[SourceQuality "1"]
[TimeControl "900+10"]

1. e4 c5 2. Nf3 d6 3. d4 cxd4 4. Nxd4 Nf6 5. Nc3 a6 6. Be2 Nbd7 7. a4 e6 8. O-O Be7 9. Be3 O-O 10. f4 Qc7 11. Bf3 Nb6 12. g4 Nc4 13. Bc1 Rd8 14. g5 Ne8 15. Nce2 e5 16. Nf5 Bxf5 17. exf5 exf4 18. g6 Qc5+ 19. Kh1 Qxf5 20. gxf7+ Kh8 21. fxe8=Q+ Rxe8 22. Bxf4 Nxb2 23. Qd5 Qxd5 24. Bxd5 Bf6 25. Ng3 Rac8 26. Ne4 Rxc2 27. Nxf6 gxf6 28. Rae1 Ree2 29. Rxe2 Rxe2 30. Bxb7 Nd3 31. Bxa6 Nxf4 32. Bxe2 Nxe2 33. Rxf6 Nc3 34. a5 Ne4 35. Re6 d5 36. Rxe4 1-0

[Event "29th Czech Open-Rapid 2018"]
[Site "Pardubice"]
[Date "2018.07.18"]
[Round "2"]
[White "Balint, Vilmos"]
[Black "Hajek, Jiri"]
[Result "0-1"]
[ECO "A05"]
[WhiteElo "2220"]
[BlackElo "2081"]
[Annotator "NA"]
[PlyCount "88"]
[EventDate "2018.07.18"]
[EventType "swiss"]
[EventCountry "CZE"]
[SourceTitle "playchess.com"]
[Source "ChessBase"]
[SourceQuality "1"]
[TimeControl "900+10"]

1. Nf3 Nf6 2. g3 g6 3. Bg2 Bg7 4. O-O O-O 5. c4 d6 6. d4 Bg4 7. Nc3 Nfd7 8. Qb3 Qc8 9. Bg5 Nc6 10. d5 Nc5 11. Qc2 Bxf3 12. dxc6 Bxg2 13. Kxg2 bxc6 14. Bxe7 Re8 15. Bg5 Qg4 16. Bf4 Ne6 17. Be3 Qxc4 18. Rac1 c5 19. Qd2 Nd4 20. b3 Qa6 21. Rfe1 Re6 22. f3 Rae8 23. Nd5 Qb7 24. Nxc7 Rxe3 25. Nxe8 Rxe8 26. e4 f5 27. Qd3 fxe4 28. fxe4 Rf8 29. Rc4 Qf7 30. Rf1 Qxf1+ 31. Qxf1 Rxf1 32. Kxf1 a5 33. Kg2 Kf7 34. Rc1 Ke6 35. Rf1 Nc2 36. Rf2 Nb4 37. a3 Nd3 38. Rf1 Bb2 39. Rf8 Bxa3 40. Rh8 Nc1 41. Rxh7 Nxb3 42. Rg7 Kf6 43. Rd7 c4 44. Rc7 Nc5 0-1

[Event "29th Czech Open-Rapid 2018"]
[Site "Pardubice"]
[Date "2018.07.18"]
[Round "2"]
[White "Bente, Bjoern"]
[Black "Hasangatin, Ramil"]
[Result "1/2-1/2"]
[ECO "B01"]
[WhiteElo "2219"]
[BlackElo "2497"]
[Annotator "ChessBase"]
[PlyCount "81"]
[EventDate "2018.07.18"]
[EventType "swiss"]
[EventCountry "CZE"]
[SourceTitle "playchess.com"]
[Source "ChessBase"]
[SourceQuality "1"]
[TimeControl "900+10"]

1. e4 d5 2. exd5 Qxd5 3. Nc3 Qd6 4. d4 Nf6 5. Nf3 c6 6. g3 Bf5 7. Bg2 e6 8. O-O Be7 9. Bf4 Qd8 10. Nh4 Bg4 11. Qd2 Nd5 12. Nxd5 cxd5 13. Nf3 Bxf3 14. Bxf3 Nc6 15. b3 Bf6 16. Be3 Rc8 17. Rac1 O-O 18. Rfd1 Qa5 19. c4 Qxd2 20. Rxd2 dxc4 21. bxc4 Rfd8 22. Rcd1 b6 23. c5 Na5 24. Be2 bxc5 25. dxc5 Rxd2 26. Rxd2 Rc7 27. Bb5 Nc6 28. Rd6 Nb4 29. Rd7 Nd5 30. Rxc7 Nxc7 31. Bc4 Kf8 32. c6 a6 33. Bb6 Be5 34. Bxc7 Bxc7 35. Bxa6 Ke7 36. Bb5 Kd6 37. Kg2 Bb6 38. f4 f5 39. Kf3 e5 40. fxe5+ Kxe5 41. a4 1/2-1/2

[Event "29th Czech Open-Rapid 2018"]
[Site "Pardubice"]
[Date "2018.07.18"]
[Round "2"]
[White "Illetsko, Jaroslav"]
[Black "Jazdanovs, Aleksandrs"]
[Result "0-1"]
[ECO "B52"]
[WhiteElo "2177"]
[BlackElo "2205"]
[Annotator "NA"]
[PlyCount "64"]
[EventDate "2018.07.18"]
[EventType "swiss"]
[EventCountry "CZE"]
[SourceTitle "playchess.com"]
[Source "ChessBase"]
[SourceQuality "1"]
[TimeControl "900+10"]

1. e4 c5 2. Nf3 d6 3. Bb5+ Bd7 4. a4 Bc6 5. O-O Nf6 6. e5 dxe5 7. Nxe5 Qc7 8. Re1 e6 9. h3 Bd6 10. Nxc6 Nxc6 11. Nc3 O-O 12. Bxc6 Qxc6 13. d3 c4 14. dxc4 Rfd8 15. Qe2 Bb4 16. Bd2 Rd4 17. Red1 Rxc4 18. Nb5 Bxd2 19. Qxd2 Rxc2 20. Qf4 Nd5 21. Qg3 Rxb2 22. Rdc1 Rc2 23. Rxc2 Qxc2 24. Nxa7 Qc3 25. Qxc3 Nxc3 26. Ra3 Nd5 27. Nb5 b6 28. Kf1 g6 29. g3 Nf6 30. Nc3 Kf8 31. Rb3 Nd7 32. Rb4 Ke7 0-1

[Event "29th Czech Open-Rapid 2018"]
[Site "Pardubice"]
[Date "2018.07.18"]
[Round "2"]
[White "Nehyba, Martin"]
[Black "Valenta, Vit Sr"]
[Result "1/2-1/2"]
[ECO "B22"]
[WhiteElo "2163"]
[BlackElo "2127"]
[Annotator "NA"]
[PlyCount "141"]
[EventDate "2018.07.18"]
[EventType "swiss"]
[EventCountry "CZE"]
[SourceTitle "playchess.com"]
[Source "ChessBase"]
[SourceQuality "1"]
[TimeControl "900+10"]

1. e4 c5 2. c3 Nf6 3. e5 Nd5 4. d4 cxd4 5. Nf3 Nc6 6. cxd4 e6 7. Bc4 Nb6 8. Bb3 d6 9. Nc3 dxe5 10. dxe5 Qxd1+ 11. Bxd1 Bc5 12. Ne4 Bb4+ 13. Ke2 O-O 14. a3 Be7 15. b4 Nc4 16. Bf4 a6 17. Bb3 Nb6 18. Rhd1 a5 19. Be3 Nd5 20. b5 Nxe3 21. Kxe3 a4 22. bxc6 axb3 23. c7 f6 24. Nd6 fxe5 25. Nxe5 Bg5+ 26. Ke2 Ra5 27. Nf3 Bf6 28. Rab1 Rxa3 29. Nd4 b6 30. Nxc8 Rxc8 31. Nxe6 Kf7 32. Rd8 Raa8 33. Rxc8 Rxc8 34. Nf4 Rxc7 35. Rxb3 Rc2+ 36. Ke3 Rc6 37. Nd5 Bd8 38. f4 Rd6 39. Nc3 Bf6 40. Ne4 Bd4+ 41. Kf3 Rd7 42. Rb4 h6 43. Ng3 Bc5 44. Rb3 Ke6 45. Ne4 Bd4 46. g4 Kd5 47. Nd2 Rc7 48. Rb5+ Kd6 49. Ke4 Bg1 50. Nf3 Rc4+ 51. Kd3 Rxf4 52. Nxg1 Rxg4 53. Nf3 Kc6 54. Rf5 g6 55. Rf6+ Kc5 56. Ne5 Rh4 57. Nf3 Rh3 58. Ke4 g5 59. Rg6 b5 60. Rg8 b4 61. Rc8+ Kb5 62. Nd4+ Ka5 63. Ra8+ Kb6 64. Ra2 Kc5 65. Rc2+ Kb6 66. Kf5 Rh4 67. Ke5 h5 68. Rb2 Kc5 69. Rc2+ Kb6 70. Rb2 Kc5 71. Rc2+ 1/2-1/2

[Event "29th Czech Open-Rapid 2018"]
[Site "Pardubice"]
[Date "2018.07.18"]
[Round "2"]
[White "Maslak, Alexander"]
[Black "Vestfal, Jan"]
[Result "1-0"]
[ECO "B63"]
[WhiteElo "2154"]
[BlackElo "1407"]
[Annotator "NA"]
[PlyCount "91"]
[EventDate "2018.07.18"]
[EventType "swiss"]
[EventCountry "CZE"]
[SourceTitle "playchess.com"]
[Source "ChessBase"]
[SourceQuality "1"]
[TimeControl "900+10"]

1. e4 c5 2. Nf3 d6 3. d4 cxd4 4. Nxd4 Nf6 5. Nc3 Nc6 6. Bg5 e6 7. Qd2 Be7 8. O-O-O Bd7 9. Ndb5 d5 10. exd5 Nxd5 11. Bxe7 Ncxe7 12. Nd6+ Kf8 13. Nxd5 Nxd5 14. Ne4 Rc8 15. Kb1 Ba4 16. b3 Bd7 17. c4 Nb6 18. Be2 h6 19. Nd6 Rc7 20. Nb5 Rc8 21. Qd6+ Kg8 22. Nxa7 Ra8 23. Nb5 Kh7 24. Nc7 Rc8 25. Qxb6 Rxc7 26. Bd3+ g6 27. h4 Qc8 28. h5 Rc6 29. Qe3 Kg7 30. hxg6 fxg6 31. Qd4+ Kf7 32. Be4 Rc7 33. Qd3 g5 34. f4 gxf4 35. Qd6 f3 36. Bxf3 Be8 37. Rdf1 Kg8 38. Bg4 Bf7 39. Qg3 Kf8 40. Qe5 Ke7 41. Qf6+ Kd6 42. Rd1+ Kc6 43. Qd4 Rd7 44. Bf3+ Kc7 45. Qe5+ Kd8 46. Rxd7+ 1-0

[Event "29th Czech Open-Rapid 2018"]
[Site "Pardubice"]
[Date "2018.07.18"]
[Round "2"]
[White "Kyrychenko, Maryan"]
[Black "Pavlicek, Lukas"]
[Result "1-0"]
[ECO "B23"]
[WhiteElo "2152"]
[BlackElo "1819"]
[Annotator "NA"]
[PlyCount "85"]
[EventDate "2018.07.18"]
[EventType "swiss"]
[EventCountry "CZE"]
[SourceTitle "playchess.com"]
[Source "ChessBase"]
[SourceQuality "1"]
[TimeControl "900+10"]

1. e4 c5 2. Nc3 Nc6 3. f4 e6 4. Nf3 g6 5. Bb5 Bg7 6. Bxc6 bxc6 7. d3 d5 8. O-O Ba6 9. Qe1 Ne7 10. f5 dxe4 11. Nxe4 exf5 12. Nxc5 Bc8 13. c3 O-O 14. Bg5 Re8 15. Qh4 Qd6 16. d4 Nd5 17. Rae1 Be6 18. Bh6 Rab8 19. Bxg7 Kxg7 20. c4 Nf6 21. b3 h6 22. Re2 Re7 23. Rfe1 Rbe8 24. h3 Nh5 25. Ne5 Rd8 26. Nxc6 g5 27. Qxh5 Qxc6 28. Nxe6+ fxe6 29. d5 Qb6+ 30. Kh1 Rde8 31. Qf3 Kf6 32. Qc3+ Kg6 33. c5 Qa6 34. d6 Rf7 35. Rxe6+ Rxe6 36. Rxe6+ Kh7 37. Qc4 Qxa2 38. Re2 Qa1+ 39. Kh2 Rg7 40. Qd3 Qf6 41. d7 Qd8 42. Qxf5+ Rg6 43. Re6 1-0

[Event "29th Czech Open-Rapid 2018"]
[Site "Pardubice"]
[Date "2018.07.18"]
[Round "2"]
[White "Vokoun, Jan"]
[Black "Khmelev, Mikhail"]
[Result "0-1"]
[ECO "D05"]
[WhiteElo "2124"]
[BlackElo "1972"]
[Annotator "NA"]
[PlyCount "82"]
[EventDate "2018.07.18"]
[EventType "swiss"]
[EventCountry "CZE"]
[SourceTitle "playchess.com"]
[Source "ChessBase"]
[SourceQuality "1"]
[TimeControl "900+10"]

1. d4 e6 2. Nf3 Nf6 3. e3 d5 4. Bd3 c5 5. c3 Nc6 6. Nbd2 Bd6 7. Qe2 O-O 8. dxc5 Bxc5 9. e4 Ne7 10. e5 Nd7 11. Nb3 Ng6 12. O-O Qc7 13. Re1 Be7 14. g3 Nc5 15. Nxc5 Bxc5 16. Be3 b6 17. Bd4 f5 18. exf6 gxf6 19. c4 Bxd4 20. Nxd4 Qe5 21. Nf3 Qxe2 22. Rxe2 Kf7 23. cxd5 exd5 24. Rc1 Bg4 25. Re3 Rac8 26. Rxc8 Rxc8 27. Nd4 Bh3 28. f4 Rc1+ 29. Kf2 Rh1 30. Nf3 Bg4 31. Kg2 Bxf3+ 32. Rxf3 Rd1 33. Bc2 Ra1 34. Bb3 Ne7 35. Rd3 Rb1 36. Rd2 Ke6 37. Kf2 Kd6 38. g4 h6 39. Kg3 Rg1+ 40. Kf2 Rxg4 41. Kf3 Rg1 0-1

[Event "29th Czech Open-Rapid 2018"]
[Site "Pardubice"]
[Date "2018.07.18"]
[Round "2"]
[White "Tarakanov, Oleg"]
[Black "Fiala, Milan"]
[Result "1-0"]
[ECO "B50"]
[WhiteElo "2123"]
[BlackElo "1845"]
[Annotator "NA"]
[PlyCount "107"]
[EventDate "2018.07.18"]
[EventType "swiss"]
[EventCountry "CZE"]
[SourceTitle "playchess.com"]
[Source "ChessBase"]
[SourceQuality "1"]
[TimeControl "900+10"]

1. e4 c5 2. Nf3 d6 3. c3 Nc6 4. d4 cxd4 5. cxd4 Nf6 6. Nc3 e6 7. Bd3 Be7 8. O-O O-O 9. Re1 e5 10. d5 Nb8 11. h3 Nbd7 12. Be3 b6 13. b4 a5 14. a3 axb4 15. axb4 Bb7 16. Qb3 Nh5 17. g4 Nf4 18. Bxf4 exf4 19. Ne2 Ne5 20. Bb5 Nxf3+ 21. Qxf3 g5 22. Rxa8 Qxa8 23. Nd4 Bf6 24. Nf5 Rd8 25. h4 Bc8 26. hxg5 Bxg5 27. Nd4 Bd7 28. Bxd7 Rxd7 29. Nc6 h6 30. Qc3 Kh7 31. Kg2 Qg8 32. Rh1 Qg6 33. Kf3 Bf6 34. Qd3 Be5 35. Rh5 f6 36. Qf1 Rg7 37. Qh3 Rc7 38. Rf5 Rg7 39. Rh5 Rc7 40. Kg2 Rg7 41. f3 Rc7 42. Qh4 Rg7 43. Kh3 Rc7 44. Qf2 Rb7 45. Qa2 Qg8 46. Qa6 Qg7 47. Qa8 Rf7 48. Qd8 Rd7 49. Qxb6 Rb7 50. Qa6 Qc7 51. Qa8 Qb6 52. Qc8 Rg7 53. Qf5+ Rg6 54. Ne7 1-0

[Event "29th Czech Open-Rapid 2018"]
[Site "Pardubice"]
[Date "2018.07.18"]
[Round "2"]
[White "Zhuravlev, Stepan"]
[Black "Kobo, Ori"]
[Result "1/2-1/2"]
[ECO "A40"]
[WhiteElo "2121"]
[BlackElo "2508"]
[Annotator "RC"]
[PlyCount "147"]
[EventDate "2018.07.18"]
[EventType "swiss"]
[EventCountry "CZE"]
[SourceTitle "playchess.com"]
[Source "ChessBase"]
[SourceQuality "1"]
[TimeControl "900+10"]

1. d4 e6 2. c4 b6 3. e4 Bb4+ 4. Bd2 Bxd2+ 5. Nxd2 Ne7 6. Bd3 d6 7. Ne2 e5 8. d5 O-O 9. O-O Ng6 10. b4 a5 11. a3 Nd7 12. Rc1 Nf4 13. Nxf4 exf4 14. Nf3 Qf6 15. Qc2 axb4 16. axb4 Ra3 17. e5 Nxe5 18. Nxe5 Qxe5 19. Bxh7+ Kh8 20. Rfe1 Qg5 21. Bd3 Bh3 22. g3 fxg3 23. fxg3 Rfa8 24. Qe2 g6 25. Rc2 Kg7 26. Be4 Re8 27. Qf2 Qe5 28. Rce2 Ra1 29. Bf3 Rxe1+ 30. Qxe1 Qd4+ 31. Kh1 Qd3 32. Qa1+ f6 33. Rf2 Re3 34. Bg2 Bxg2+ 35. Kxg2 Re5 36. Qf1 Qe4+ 37. Kg1 Qd4 38. Kg2 Re4 39. Rc2 Qe5 40. Qf2 Re1 41. Qf4 Qa1 42. Rf2 Qc3 43. Qg4 Re7 44. Qf4 Rf7 45. h4 Qxb4 46. h5 gxh5 47. Re2 Qb1 48. Re6 Qc2+ 49. Kh3 Qg6 50. Kh4 Qb1 51. Kxh5 Qh1+ 52. Qh4 Qf3+ 53. Qg4+ Qxg4+ 54. Kxg4 Kg6 55. Kf4 Rh7 56. g4 Rh1 57. Re7 Rf1+ 58. Kg3 Rc1 59. Rxc7 b5 60. Rc6 Rxc4 61. Rxd6 Kg5 62. Rb6 b4 63. d6 Rxg4+ 64. Kf3 Rd4 65. Ke3 Rd1 66. Rxb4 Rxd6 67. Kf3 f5 68. Kf2 Rd2+ 69. Kf3 Rd3+ 70. Kf2 Ra3 71. Rc4 f4 72. Rc8 Ra2+ 73. Kf3 Ra3+ 74. Kf2 1/2-1/2

[Event "29th Czech Open-Rapid 2018"]
[Site "Pardubice"]
[Date "2018.07.18"]
[Round "2"]
[White "Mitra, Roman C"]
[Black "Natarov, Ilya"]
[Result "1/2-1/2"]
[ECO "B02"]
[WhiteElo "2104"]
[BlackElo "2028"]
[Annotator "NA"]
[PlyCount "126"]
[EventDate "2018.07.18"]
[EventType "swiss"]
[EventCountry "CZE"]
[SourceTitle "playchess.com"]
[Source "ChessBase"]
[SourceQuality "1"]
[TimeControl "900+10"]

1. e4 Nf6 2. Nc3 d5 3. exd5 Nxd5 4. Nf3 Bg4 5. h3 Bh5 6. d3 Nc6 7. Ne4 e6 8. Ng3 Bg6 9. Be2 Bd6 10. Ne4 Be7 11. O-O O-O 12. Bd2 h6 13. a3 Nf6 14. Nxf6+ Bxf6 15. Qc1 Qd7 16. Rd1 Rad8 17. Rb1 Rfe8 18. b4 a6 19. a4 Nd4 20. Nxd4 Bxd4 21. b5 axb5 22. axb5 b6 23. Bf3 Qe7 24. Bb4 Bc5 25. Bc3 e5 26. Bc6 Rf8 27. Re1 Qh4 28. Re2 f6 29. Qe1 Be8 30. Bf3 Qa4 31. Qc1 Bxb5 32. Re4 Qa6 33. Ra1 Qc8 34. Rg4 Kh8 35. Rg6 Qf5 36. Rg3 Be8 37. Qe1 Bh5 38. Ra7 Bxf3 39. Rxf3 Qd7 40. Qe4 Bd6 41. g4 Qb5 42. Ra1 Qc5 43. Qe1 Qc6 44. Re3 Ra8 45. Rxa8 Rxa8 46. Re4 Ra4 47. Rxa4 Qxa4 48. Qe2 Qc6 49. Bb2 b5 50. h4 Qd5 51. h5 c5 52. c4 Qb7 53. cxb5 Qxb5 54. Bc1 Qb3 55. Qf3 Kg8 56. Kg2 Bf8 57. Qe4 Qe6 58. Be3 Kh8 59. f3 Kg8 60. Kg3 Qd6 61. Kg2 Qe6 62. Qg6 Kh8 63. Qe4 Kg8 1/2-1/2

[Event "29th Czech Open-Rapid 2018"]
[Site "Pardubice"]
[Date "2018.07.18"]
[Round "2"]
[White "Mojzis, Jaroslav"]
[Black "Gschwendtner, Stanislav"]
[Result "1/2-1/2"]
[ECO "A05"]
[WhiteElo "2099"]
[BlackElo "2032"]
[Annotator "NA"]
[PlyCount "102"]
[EventDate "2018.07.18"]
[EventType "swiss"]
[EventCountry "CZE"]
[SourceTitle "playchess.com"]
[Source "ChessBase"]
[SourceQuality "1"]
[TimeControl "900+10"]

1. Nf3 Nf6 2. c4 g6 3. g3 Bg7 4. Bg2 O-O 5. O-O d5 6. cxd5 Nxd5 7. Nc3 Nb6 8. b3 c5 9. Bb2 c4 10. Rc1 Nc6 11. Ne1 Be6 12. d3 cxb3 13. axb3 Nd4 14. Bxb7 Rb8 15. Bg2 Bxb3 16. Qd2 Be6 17. Rb1 Nb3 18. Qf4 Qd6 19. Qxd6 exd6 20. Nf3 Rfc8 21. Ne4 d5 22. Neg5 d4 23. Nxe6 fxe6 24. Bh3 Rc6 25. Rfd1 h6 26. Ba3 Nd5 27. Rf1 Nc3 28. Rbe1 Ra6 29. Bb2 Kf7 30. e3 Ra2 31. Bc1 Ne2+ 32. Rxe2 Rxe2 33. exd4 Nxd4 34. Bg2 Rc2 35. Be3 e5 36. Ra1 Ne2+ 37. Kf1 a5 38. Rxa5 Rb1+ 39. Ne1 Nd4 40. Ra7+ Kg8 41. Bd5+ Kh7 42. Ra8 Bf6 43. Ra7+ Kh8 44. Ra8+ Kg7 45. Ra7+ Kh8 46. Ra8+ Kh7 47. Ra7+ Bg7 48. Ra8 Bf6 49. Ra7+ Bg7 50. Ra8 Bf6 51. Ra7+ Bg7 1/2-1/2